 Dungeon Crawl Stone Soup version 0.31.0-11-ge490571c62 (webtiles) character file.

Game seed: 8589739769934967096

55 groovy9 the Trooper (level 3, 0/34 HPs)
             Began as a Minotaur Fighter on Jan 26, 2024.
             Slain by a gnoll
             ... wielding a +0 club
              (4 damage)
             ... on level 2 of the Dungeon.
             The game lasted 00:02:34 (882 turns).

groovy9 the Trooper (Minotaur Fighter)               Turns: 882, Time: 00:02:35

Health: 0/34       AC:  6    Str: 20    XL:     3   Next: 67%
Magic:  2/2        EV:  9    Int:  5    God:
Gold:   36         SH:  4    Dex: 11    Spells: 2/2 levels left

rFire   . . .        a - +0 long sword
rCold   . . .        c - +0 buckler
rNeg    . . .        b - +0 scale mail
rPois   .            (helmet restricted)
rElec   .            (no cloak)
rCorr   .            (no gloves)
SInv    .            (no boots)
Will    .....        (no amulet) Stlth
                     (no ring)
HPRegen 0.25/turn    (no ring)
MPRegen 0.08/turn

%: no passive effects
@: no status effects
A: horns 2, retaliatory headbutt
a: no special abilities


You were on level 2 of the Dungeon.
You visited 1 branch of the dungeon, and saw 2 of its levels.

You collected 36 gold pieces.

Inventory:

Hand Weapons
 a - a +0 long sword (weapon)
Missiles
 k - 2 boomerangs (quivered)
Armour
 b - a +0 scale mail (worn)
 c - a +0 buckler (worn)
Scrolls
 h - a scroll of blinking {unknown}
 i - a scroll of immolation {unknown}
 j - a scroll of fog {unknown}
 l - a scroll of poison {unknown}
 m - a scroll of teleportation {unknown}
Potions
 d - a potion of might
 e - 2 potions of enlightenment {unknown}
 f - 3 potions of lignification {unknown}
 g - a potion of brilliance {unknown}


   Skills:
 + Level 4.4 Fighting
 * Level 4.3 Long Blades
 - Level 3.6 Armour
 - Level 3.6 Shields


You had 2 spell levels left.
You didn't know any spells.
Your spell library contained the following spells:

 Spells                   Type           Power      Damage    Failure   Level
 Kiss of Death            Conj/Necr      0%         2d5       88%         1
 Confusing Touch          Hex            0%         N/A       99%         3
 Animate Dead             Necr           0%         N/A       100%        4
 Dispel Undead            Necr           0%         3d6       100%        4
 Borgnjor's Vile Clutch   Necr/Erth      0%         N/A       100%        5
 Death Channel            Necr           0%         N/A       100%        6


Dungeon Overview and Level Annotations

Branches:
Dungeon (2/15)

Altars:


Innate Abilities, Weirdness & Mutations

You have a pair of horns on your head.
You reflexively headbutt those who attack you in melee.


Message History

You pick up a book of Touch and begin reading...
You add the spells Kiss of Death, Confusing Touch and Dispel Undead to your library.
You see here a +0 trident.
A gnoll comes into view. It is wielding a +0 club.
The gnoll shouts!
You hear an angry hiss.
You hear a shout! x2
A ball python comes into view.
A gnoll comes into view. It is wielding a +0 spear.
Okay, then.
The ball python misses you. You furiously retaliate!
You headbutt the ball python. You block the ball python's attack.
You barely miss the ball python.
The ball python is severely wounded.
The ball python bites you but does no damage.
The ball python grabs you. The ball python constricts you.
You hit the ball python.
You kill the ball python!
The gnoll hits you but does no damage.
The gnoll hits you from afar with a +0 spear!
You are too injured to fight recklessly!
You are too injured to fight recklessly!
The gnoll hits you with a +0 spear.
You see here a ball python corpse.
You closely miss the gnoll. The gnoll hits you with a +0 spear!
You barely miss the gnoll. You headbutt the gnoll!
The gnoll is severely wounded.
The gnoll hits you with a +0 spear!
* * * LOW HITPOINT WARNING * * *
You barely miss the gnoll.
The gnoll is severely wounded.
The gnoll closely misses you.
You hit the gnoll.
You kill the gnoll!
You hit the gnoll.
The gnoll is heavily wounded.
The gnoll closely misses you. The gnoll hits you with a +0 club.
* * * LOW HITPOINT WARNING * * *
You hit the gnoll but do no damage. Your headbutt misses the gnoll.
The gnoll is heavily wounded.
The gnoll hits you with a +0 club.
You die...

#.. #.# #.# # ....#
#.#.#### #......# #.#.
## #g#.##.# . #@#..#.#
#.##.#.# #####.##.#.#
#..........## #####
#.#.#.......###...####
#......#..#.....#.....
#.#.#..#.###...###....
#......#..#..#..#.....
###....##)..###..†#.##


You could see a gnoll.

Vanquished Creatures
  An adder (D:2)
  A gnoll (D:2)
  A ribbon worm (D:2)
  2 endoplasms
  A giant cockroach (D:1)
  A goblin (D:1)
  A hobgoblin (D:1)
  4 jackals (D:2)
  4 kobolds
  A quokka (D:1)
  3 ball pythons
  A bat (D:1)
  9 frilled lizards (D:1)
  6 rats
36 creatures vanquished.

Notes
Turn   | Place    | Note
-------+----------+-------------------------------------------
     0 | D:1      | groovy9 the Minotaur Fighter began the quest for the Orb.
     0 | D:1      | Reached XP level 1. HP: 19/19 MP: 0/0
    60 | D:1      | Found a faded altar of an unknown god.
   331 | D:1      | Reached XP level 2. HP: 27/27 MP: 1/1
   697 | D:2      | Reached XP level 3. HP: 23/33 MP: 2/2
   882 | D:2      | Slain by a gnoll

Illustrated notes

Levels and vault maps discovered:
D:1:      dpeg_arrival_oval, layout_basic,
          shapermc_ecumenical_altar_mp_urbaneastern, minmay_lizard_pond
D:2:      layout_loops_cross, serial_glass, glass_columns_a, glass_columns_a,
          glass_columns_a, glass_columns_c, feat_on_display,
          due_unseen_surprise, minmay_strange_pillars, item_on_display_a

Skill      XL: |  1  2  3 |
---------------+----------+-----
Long Blades    | 3 4 |  4.3
Fighting       | 4 |  4.4
Armour         | |  3.6
Shields        | |  3.6

Action                     || total
---------------------------++-------
  Melee: Long sword        ||    90
         Headbutt          ||    11
 Armour: Scale mail        ||    78
  Dodge: Dodged            ||    44
  Block: Buckler           ||    19
